 Dungeon Crawl Stone Soup version 0.30-a0-509-gd016549fea (webtiles) character file.

Game seed: 2265357612374941313

3360 IdlyInterested the Carver (level 9, 0/68 HPs)
             Began as a Demonspawn Fighter on Dec 21, 2022.
             Slain by an ogre
             ... wielding a +0 giant club
              (14 damage)
             ... on level 7 of the Dungeon on Dec 22, 2022.
             The game lasted 00:37:20 (8804 turns).

IdlyInterested the Carver (Demonspawn Fighter)      Turns: 8804, Time: 00:37:20

Health: 0/68       AC: 15    Str: 17    XL:     9   Next: 73%
Magic:  9/9        EV: 12    Int: 10    God:
Gold:   138        SH:  0    Dex: 16    Spells: 8/8 levels left

rFire   . . .      SeeInvis .    a - +1 long sword
rCold   + . .      Faith    .    c - +0 buckler
rNeg    . . .      Spirit   .    B - +0 chain mail {Will+}
rPois   +          Reflect  .    Q - +0 helmet
rElec   .          Harm     .    k - +2 cloak
rCorr   .          Rampage  .    (no gloves)
Will    +....                    O - +1 pair of boots
Stlth   ..........               (no amulet)
HPRegen 0.31/turn                s - ring of protection from cold
MPRegen 0.11/turn                I - ring of poison resistance

@: confused, agile, ambrosia-drunk, weakened
A: hooves 1, ignite blood 2, powered by pain 1
a: no special abilities


You were on level 7 of the Dungeon.
You visited 2 branches of the dungeon, and saw 8 of its levels.
You also visited: Sewer.

You collected 537 gold pieces.
You spent 399 gold pieces at shops.

Inventory:

Hand Weapons
 a - a +1 long sword (weapon)
 P - a +3 dagger
 S - a +0 great sword
Missiles
 i - 24 stones (quivered)
 y - 36 poisoned darts
 L - 2 atropa-tipped darts
Armour
 b - a +0 scale mail
 c - a +0 buckler (worn)
 k - a +2 cloak (worn)
 l - a +0 leather armour
 m - a +0 ring mail
 n - a +0 robe
 B - a +0 chain mail of willpower (worn)
 O - a +1 pair of boots (worn)
 Q - a +0 helmet (worn)
Jewellery
 s - a ring of protection from cold (left hand)
 u - a ring of wizardry
 F - a ring of resist corrosion
 I - a ring of poison resistance (right hand)
 R - a ring of protection from fire
 U - a ring of wizardry
Wands
 o - a wand of roots (17)
 M - a wand of paralysis (10)
Scrolls
 f - 3 scrolls of teleportation
 g - a scroll of torment
 h - 2 scrolls of fear
 v - a scroll of brand weapon
 w - a scroll of poison
 z - 3 scrolls of magic mapping
 A - 2 scrolls of enchant armour
 E - a scroll of amnesia
 G - 2 scrolls of immolation
 H - 2 scrolls of enchant weapon
 J - a scroll of blinking
 K - 2 scrolls of identify
 N - a scroll of fog
Potions
 d - 5 potions of might
 e - a potion of resistance
 j - 7 potions of curing
 p - a potion of lignification
 q - 4 potions of brilliance
 r - 3 potions of attraction
 t - 3 potions of mutation
 x - a potion of haste
 C - 2 potions of magic
Miscellaneous
 D - a phantom mirror (inert)


   Skills:
 - Level 5.0 Fighting
 + Level 10.2 Long Blades
 - Level 1.0 Throwing
 * Level 3.3 Armour
 - Level 3.0 Dodging
 - Level 1.0 Stealth
 * Level 4.5 Shields
 - Level 4.0 Evocations


You had 8 spell levels left.
You didn't know any spells.
Your spell library contained the following spells:

 Spells                   Type           Power      Damage    Failure   Level
 Slow                     Hex            0%         N/A       100%        1
 Call Canine Familiar     Summ           0%         N/A       100%        3
 Confusing Touch          Hex            0%         N/A       100%        3
 Ozocubu's Armour         Ice            0%         N/A       100%        3
 Portal Projectile        Hex/Tloc       0%         N/A       100%        3
 Vampiric Draining        Necr           0%         2d6       100%        3
 Leda's Liquefaction      Hex/Erth       0%         N/A       100%        4
 Summon Lightning Spire   Summ/Air       0%         N/A       100%        4
 Ozocubu's Refrigeration  Ice            0%         4d7       100%        7
 Storm Form               Tmut/Air       0%         N/A       100%        7
 Maxwell's Capacitive Co  Air            0%         ∞         100%        8


Dungeon Overview and Level Annotations

Branches:
Dungeon (7/15)             Temple (1/1) D:7           Sewer (visited)

Altars:
Ashenzari
Cheibriados
Fedhas
Gozag
Hepliaklqana
Kikubaaqudgha
Makhleb
Nemelex Xobeh
Okawaru
Qazlal
Sif Muna
Trog
Uskayaw
Vehumet
Wu Jian
Xom
Yredelemnul

Shops:
D:1 ?   D:5 [=!?[   D:7 (:*

Annotations:
D:7 Menkaure


Innate Abilities, Weirdness & Mutations

You have large cloven feet.
Your demonic aura often causes spilled blood to erupt in flames.
You sometimes gain a little power by taking damage.


Message History

Press: ? - help, Shift-Dir - straight line, f - ogre
Aim: an ogre, wielding a +0 giant club (heavily wounded)
The roots erupt in riotous growth!
Roots grab the ogre. x2; Roots grab Menkaure.
Roots grab the gnoll.
The grasping roots constrict the ogre! x2
The grasping roots constrict the gnoll.
The grasping roots constrict Menkaure!
You hear a shout! x6
The gnoll struggles to escape constriction.
Menkaure struggles to escape constriction.
The ogre struggles to escape constriction.
The gnoll hits you from afar with a +0 spear.
The gnoll escapes!
The gnoll bouda gazes fiercely through you!
You feel your attacks grow feeble. You block the ogre's attack.
You hear a shout!
You slash the ogre!
You kill the ogre!
The grasping roots constrict the ogre.
The grasping roots constrict Menkaure!
The roots release their grip on Menkaure.
Menkaure calls on the powers of darkness!
The gnoll bouda convulses!
The gnoll convulses!
Your body is wracked with pain!
* * * LOW HITPOINT WARNING * * *
The gnoll convulses! x2
The gnoll hits you from afar with a +0 spear.
* * * LOW HITPOINT WARNING * * *
The ogre escapes!
The gnoll hits you but does no damage.
An ogre opens the door.
Menkaure gestures at you while chanting.
Pain shoots through your body!
* * * LOW HITPOINT WARNING * * *
Unknown command.
You are confused.
You feel invigorated. The gnoll closely misses you. The ogre barely misses you.
The gnoll hits you from afar with a +0 spear.
* * * LOW HITPOINT WARNING * * *
The ogre attacks as you move away! The ogre hits you with a +0 giant club.
* * * LOW HITPOINT WARNING * * *
You bump into the stone wall.
The ogre hits you with a +0 giant club!
You die...

##.....# ####.## ♣ ♣♣##
#..## #♣.♣.♣P## #...###
..♣.♣.... ##....##
.........
###...#########P.......
###..').M'g..........
#>.#).O○gg......P..
####.@.#g..........
#####...........
........####...
...P.....O. .
...####...#. .. +...# .
#.... #.....


You could see an ogre, Menkaure (fast), a gnoll bouda and 2 gnolls.

Vanquished Creatures
  Joseph (D:7)
  Eustachio (D:4)
  2 water moccasins
  A sky beast (D:7)
  A black bear (D:6)
  7 centaurs
  2 ogres
  A phantom (D:6)
  2 kobold brigands
  3 bullfrogs
  2 necrophages
  4 scorpions
  3 wights (D:6)
  A lava snake (D:7)
  A hound (D:5)
  2 gnoll boudas
  3 jellies
  4 orc priests
  5 iguanas
  3 orc wizards
  5 river rats
  5 adders
  3 gnolls (D:6)
  5 shadow imps
  A white imp (D:7)
  2 ufetubi
  3 worms
  6 dart slugs
  11 orcs
  10 endoplasms
  4 giant cockroaches
  10 goblins
  7 hobgoblins
  4 jackals (D:4)
  19 kobolds
  4 quokkas
  11 ball pythons
  4 bats
  8 frilled lizards
  16 rats
187 creatures vanquished.

Vanquished Creatures (collateral kills)
  A centaur (D:6)
1 creature vanquished.

Vanquished Creatures (others)
  2 plants
2 creatures vanquished.

Grand Total: 190 creatures vanquished

Notes
Turn   | Place    | Note
-------+----------+-------------------------------------------
     0 | D:1      | IdlyInterested the Demonspawn Fighter began the quest for
                  | the Orb.
     0 | D:1      | Reached XP level 1. HP: 18/18 MP: 1/1
   109 | D:1      | Reached skill level 2 in Long Blades
   127 | D:1      | Gained mutation: Your demonic aura sometimes causes spilled
                  | blood to erupt in flames. [demonic ancestry]
   127 | D:1      | Reached XP level 2. HP: 24/24 MP: 2/2
   398 | D:1      | Found Geoll's Magic Scroll Shoppe.
   670 | D:1      | Reached XP level 3. HP: 29/29 MP: 3/3
   788 | D:1      | Reached skill level 3 in Long Blades
  1461 | D:1      | Bought a scroll of brand weapon for 95 gold pieces
  1461 | D:1      | Bought a scroll of poison for 40 gold pieces
  1590 | D:2      | Upgraded the game from 0.30-a0-476-g330ca2eb8e to
                  | 0.30-a0-509-gd016549fea
  1646 | D:3      | Reached XP level 4. HP: 32/35 MP: 4/4
  1868 | D:3      | Reached skill level 1 in Dodging
  1884 | D:3      | Reached skill level 4 in Long Blades
  1912 | D:3      | Found a glowing drain.
  1917 | Sewer    | Entered a sewer
  1939 | Sewer    | Reached XP level 5. HP: 12/41 MP: 5/5
  2379 | Sewer    | Reached skill level 1 in Stealth
  3174 | D:1      | Bought a scroll of amnesia for 40 gold pieces
  3174 | D:1      | Bought a scroll of identify for 20 gold pieces
  3306 | D:4      | Found a transporter.
  3484 | D:4      | Reached skill level 5 in Long Blades
  3484 | D:4      | Reached skill level 1 in Throwing
  3484 | D:4      | Gained mutation: You have large cloven feet. [demonic
                  | ancestry]
  3484 | D:4      | Reached XP level 6. HP: 43/47 MP: 6/6
  3551 | D:4      | Noticed Eustachio
  3560 | D:4      | Killed Eustachio
  3561 | D:4      | Reached skill level 1 in Evocations
  3815 | D:4      | Found a transporter.
  4120 | D:5      | Entered Level 5 of the Dungeon
  4127 | D:5      | Found a hide-covered altar of Uskayaw.
  4149 | D:5      | Reached skill level 6 in Long Blades
  4149 | D:5      | Gained mutation: Your demonic aura often causes spilled
                  | blood to erupt in flames. [demonic ancestry]
  4149 | D:5      | Reached XP level 7. HP: 10/52 MP: 7/7
  4358 | D:5      | Found Cuffoed's Magic Scroll Emporium.
  4685 | D:5      | Found Senaisay's Jewellery Shoppe.
  4782 | D:5      | Reached skill level 7 in Long Blades
  4819 | D:5      | Found Toppiokh's Distillery.
  4891 | D:5      | Found Sewk's Armour Boutique.
  4966 | D:5      | Reached XP level 8. HP: 57/60 MP: 8/8
  5054 | D:5      | Found Quaroleli's Armour Shoppe.
  5366 | D:5      | Bought a potion of degeneration for 15 gold pieces
  5398 | D:5      | Bought a scroll of fog for 56 gold pieces
  5849 | D:6      | Reached skill level 8 in Long Blades
  6009 | D:6      | Found a radiant altar of Vehumet.
  6612 | D:6      | Reached skill level 9 in Long Blades
  6612 | D:6      | Gained mutation: You sometimes gain a little power by
                  | taking damage. [demonic ancestry]
  6612 | D:6      | Reached XP level 9. HP: 66/66 MP: 9/9
  7392 | D:7      | Found a staircase to the Ecumenical Temple.
  7410 | Temple   | Entered the Ecumenical Temple
  7558 | D:5      | Bought a scroll of torment for 133 gold pieces
  7721 | D:7      | Found a hazy altar of Hepliaklqana.
  7731 | D:7      | Reached skill level 5 in Fighting
  7734 | D:7      | Found an opulent altar of Gozag.
  7735 | D:7      | Noticed Joseph
  7737 | D:7      | Found a snail-covered altar of Cheibriados.
  7737 | D:7      | Found a bloodstained altar of Trog.
  7742 | D:7      | Killed Joseph
  7743 | D:7      | Reached skill level 10 in Long Blades
  8139 | D:7      | Found Tozea's Antique Weapon Shoppe.
  8277 | D:7      | Found Gepatwa's Book Shop.
  8366 | D:7      | Found Goadymoi's General Store.
  8789 | D:7      | Noticed Menkaure
  8802 | D:7      | HP: 2/68 [ogre/+0 giant club (4)]
  8804 | D:7      | Slain by an ogre

Illustrated notes

Levels and vault maps discovered:
D:1:      minmay_arrival_jagged, layout_loops_cross, serial_shops, shop,
          minmay_split_cup_large
D:2:      layout_basic
D:3:      minmay_octagon_keep, layout_basic, lightli_sewer_entry_pipes
D:4:      gammafunk_wand_slinger, layout_basic, kennysheep_generic_room_13,
          uniq_eustachio
D:5:      layout_loops_corners, mainiacjoe_overflow_concentric_impassable,
          serial_shops, nicolae_shop_hallway_plus, shop,
          nicolae_shop_statue_plus, nicolae_square_shop,
          nicolae_shop_hallway_stairs, kennysheep_potato
D:6:      layout_basic, nicolae_vehumet_altar_sigil, centaur_isle
D:7:      kennysheep_seaside_town, layout_layer_cave,
          nicolae_overflow_hallway_of_the_gods,
          minmay_temple_entry_stoned_glass, serial_shops,
          nicolae_take_the_stairs, shop, shop, nicolae_lava_and_water,
          uniq_menkaure, uniq_joseph
Temple:   nicolae_temple_x_marks_the_god

Skill      XL: |  1  2  3  4  5  6  7  8  9 |
---------------+----------------------------+-----
Long Blades    | 2 3 4 5 6 7 9 10 | 10.2
Armour         | 3 |  3.3
Dodging        | 1 2 3 |  3.0
Stealth        | 1 |  1.0
Throwing       | 1 |  1.0
Evocations     | 1 2 3 4 |  4.0
Shields        | 3 4 |  4.5
Fighting       | 4 5 |  5.0

Action                   |  1- 3 |  4- 6 |  7- 9 || total
-------------------------+-------+-------+-------++-------
Melee: Long sword        |   142 |   256 |   309 ||   707
       Kick              |       |    14 |    29 ||    43
Throw: Stone             |       |    44 |    25 ||    69
Evoke: Wand              |       |     8 |    22 ||    30
       Phantom mirror    |       |       |     1 ||     1
  Use: Scroll            |     7 |    11 |     3 ||    21
       Potion            |     1 |     9 |     4 ||    14
Armor: Scale mail        |    81 |    61 |       ||   142
       Chain mail        |       |    76 |   196 ||   272
Dodge: Dodged            |    63 |    78 |   107 ||   248
Block: Buckler           |    32 |    36 |    88 ||   156

Table legend: (Time is in decaauts)
 A = Elapsed time spent in this place.
 B = Non-inter-level travel time spent in this place.
 C = Inter-level travel time spent in this place.
 D = Time resting spent in this place.
 E = Time spent auto-exploring this place.
 F = Levels seen in this place.
 G = Mean time per level.
                   A        B        C        D        E       F      G
               +--------+--------+--------+--------+--------+-----+--------+
         Total |   8984 |   7530 |   1454 |   1091 |   3835 |   9 |  998.2 |
       Dungeon |   8337 |   6884 |   1453 |    872 |   3648 |   7 | 1191.0 |
        Temple |     58 |     57 |      1 |      0 |     44 |   1 |   58.0 |
         Sewer |    589 |    589 |      0 |    219 |    143 |   1 |  589.0 |
               +--------+--------+--------+--------+--------+-----+--------+

Top non-repeatable levels by time:
     D:6: 1903 daAuts
     D:5: 1388 daAuts
     D:3: 1187 daAuts
     D:7: 1168 daAuts
     D:1: 1162 daAuts
     D:4: 937 daAuts
   Sewer: 589 daAuts
     D:2: 588 daAuts
  Temple: 58 daAuts
